 Dungeon Crawl Stone Soup version 0.27.1-37-g7b29ead8ac (console) character file.

Game seed: 17575308495055738978

2046 grimtooth the Cleaver (level 9, -1/109 HPs)
             Began as a Palentonga Abyssal Knight on Apr 22, 2023.
             Was an Elder of Lugonu.
             Succumbed to a killer bee's poison
             ... on level 7 of the Dungeon.
             The game lasted 00:42:02 (8397 turns).

grimtooth the Cleaver (Palentonga Abyssal Knight)   Turns: 8397, Time: 00:42:03

Health: -1/109     AC: 24    Str: 18    XL:     9   Next: 4%
Magic:  12/13      EV:  1    Int: 13    God:    Lugonu [****..]
Gold:   366        SH:  0    Dex: 10    Spells: 8/8 levels left

rFire    . . .     SeeInvis +   a - +2 hand axe
rCold    . . .     Faith    .   (no shield)
rNeg     + + +     Spirit   .   (armour currently unavailable)
rPois    +         Reflect  .   (helmet currently unavailable)
rElec    .         Harm     .   (cloak currently unavailable)
rCorr    .         Rampage  .   (gloves currently unavailable)
Will     .....     NoTele   +   (no barding)
Stlth    +.........             j - amulet of regeneration
HPRegen  1.28/turn              (no ring)
MPRegen  0.13/turn              (no ring)

@: mighty, lethally poisoned (-1 -> -8), tree-form
A: stationary, stasis, torment immunity, boosted hp, large, rugged brown scales
3, see invisible, (deformed body), (roll 1), (armoured tail), (reflexive curl)
a: Renounce Religion, Depart the Abyss, Bend Space, Banish, Corrupt


You were on level 7 of the Dungeon.
You worshipped Lugonu.
Lugonu was greatly pleased with you.
You were a tree.
You visited 1 branch of the dungeon, and saw 7 of its levels.
You visited the Abyss 1 time.
You also visited: Sewer.

You collected 366 gold pieces.

Inventory:

Hand Weapons
 a - a +2 hand axe (weapon)
 b - a +1 whip of freezing
Missiles
 h - 55 stones
 k - 31 poisoned darts (quivered)
 u - 3 boomerangs
Armour
 c - a scarf of harm
 g - +0 fire dragon scales
 s - +0 steam dragon scales
 v - a +0 leather armour
 x - a +0 cloak (melded)
 z - the +6 ring mail of a bailey (melded) {Fly}
   (You found it on level 6 of the Dungeon)

   Fly:       It grants you flight.
Jewellery
 f - an amulet of magic regeneration
 j - an amulet of regeneration (around neck)
Wands
 o - a wand of digging (6)
 t - a wand of polymorph (12)
 w - a wand of iceblast (3)
Scrolls
 e - a scroll of vulnerability
 i - 2 scrolls of fog
 m - 2 scrolls of blinking
 p - 2 scrolls of magic mapping
 q - a scroll of immolation {unknown}
 y - a scroll of acquirement {unknown}
Potions
 d - a potion of attraction
 l - a potion of invisibility
 A - a potion of cancellation


   Skills:
 * Level 6.2 Fighting
 - Level 8.7(9.0) Axes
 - Level 2.8(6.2) Maces & Flails
 - Level 1.5 Armour
 - Level 0.7 Dodging
 + Level 6.1 Invocations


You had 8 spell levels left.
You didn't know any spells.
Your spell library contained the following spells:

 Spells                   Type           Power      Damage    Failure   Level
 Animate Skeleton         Necr           0%         N/A       30%         1
 Beastly Appendage        Tmut           0%         N/A       30%         1
 Pain                     Necr           0%         1d4       30%         1
 Static Discharge         Conj/Air       0%         N/A       43%         2
 Sublimation of Blood     Necr           0%         N/A       43%         2
 Wereblood                Tmut           0%         N/A       43%         2
 Portal Projectile        Hex/Tloc       0%         N/A       67%         3
 Spider Form              Tmut/Pois      0%         N/A       67%         3
 Stone Arrow              Conj/Erth      0%         3d7       67%         3
 Vampiric Draining        Necr           0%         2d6       67%         3
 Animate Armour           Summ/Erth      0%         N/A       97%         4
 Dispel Undead            Necr           0%         3d6       97%         4
 Sticky Flame             Conj/Fire      0%         2d3       97%         4
 Blade Hands              Tmut           0%         N/A       100%        5
 Excruciating Wounds      Necr           0%         N/A       100%        5
 Summon Hydra             Summ           0%         N/A       100%        7
 Lehudib's Crystal Spear  Conj/Erth      0%         10d2      100%        8


Dungeon Overview and Level Annotations

Branches:
Dungeon (7/15)             Temple (0/1) D:4           Sewer (visited)

Altars:
Okawaru

Shops:
D:2 :

Annotations:
D:3 2 transporters
D:4 1 runed translucent door, AverageBear's ghost, novice DDFi
D:5 2 runed translucent doors, BiteMe's ghost, novice DrCj
D:6 Dowan; Duvessa


Innate Abilities, Weirdness & Mutations

You are a tree.
Your roots penetrate the ground, keeping you stationary.
You cannot be teleported.
You are immune to unholy pain and torment.
Your maximum health is greatly increased.
Your equipment is partially melded.
(You are completely covered in rugged brown scales. (AC +3, +7% HP))
You have supernaturally acute eyesight. (SInv)
((Armour fits poorly on your strangely shaped body.))
((You can roll at nearby foes to attack.))
((You have a long armoured tail.))
((You curl defensively after being hit.))


Message History

You feel very sick.
The orc shouts!
The orc wizard hits you with a +0 dagger.
* * * LOW HITPOINT WARNING * * *
The killer bee stings you but does no damage.
An orc comes into view. It is wielding a +0 falchion.
A scorpion comes into view.
An orc comes into view. It is wielding a +0 hand axe.
You closely miss the killer bee.
The killer bee is almost dead.
The orc shouts! x2
You slash the orc wizard!
You feel sick. The killer bee stings you.
* * * LOW HITPOINT WARNING * * *
You are lethally poisoned!
The killer bee poisons you!
The orc wizard hits you but does no damage.
The killer bee stings you but does no damage. x2
Enter note: - thats that then
Okay, then.
Okay, then.
Okay, then.
Okay, then.
Press: ? - help, v - describe, . - travel
Here: a killer bee The floor.
You barely miss the killer bee.
The killer bee is almost dead.
You hit the orc wizard. You hit the killer bee.
* * * LOW HITPOINT WARNING * * *
You feel very sick.
The killer bee stings you but does no damage. x2
The orc throws a boomerang.
The boomerang hits you but does no damage.
The orc wizard hits you but does no damage.
You slice the killer bee!!
You kill the killer bee!
Lugonu accepts your kill.
You can now corrupt the fabric of space.
You closely miss the orc wizard. You closely miss the killer bee.
You die...

#.####.#.#
#.#......#
########.......##
...........#####
.#####..##.#
#......######
#.#......§oo#
#..#...o####†#
#.##....# #..# ..
#o...# #.## #.#
#♣y..# .o #.
#....#... ..
#...s.oo.
#####oo.. #.o..
.. .


You could see a scorpion, a killer bee, an orc wizard (invisible) and 6 orcs.

Vanquished Creatures
  A steam dragon (D:7)
  2 water moccasins (D:6)
  2 ogres
  A necrophage (D:6)
  A phantom (D:4)
  A kobold brigand (D:6)
  A bullfrog (D:5)
  3 scorpions
  4 killer bees (D:7)
  A howler monkey (D:6)
  A bullfrog zombie (D:7)
  2 centaur zombies (D:7)
  3 hounds
  2 orc priests
  2 jellies (D:5)
  A centaur skeleton (D:5)
  2 bullfrog skeletons (D:6)
  3 iguanas
  An orc wizard (D:6)
  Natasha (thrice) (D:4)
  A hound skeleton (D:5)
  A howler monkey skeleton (D:5)
  12 adders
  A shadow imp (D:4)
  An ufetubus (D:5)
  2 adder skeletons
  3 worms
  18 orcs
  9 ball pythons
  3 bats
  4 endoplasms
  7 giant cockroaches
  4 goblins
  7 hobgoblins
  13 jackals
  16 kobolds
  3 quokkas
  4 frilled lizards
  A rat (D:1)
147 creatures vanquished.

Vanquished Creatures (others)
  A water moccasin (D:7)
  7 fungi
8 creatures vanquished.

Grand Total: 155 creatures vanquished

Notes
Turn   | Place    | Note
-------+----------+-------------------------------------------
     0 | Abyss:1  | grimtooth the Palentonga Abyssal Knight began the quest for
                  | the Orb.
     0 | Abyss:1  | Reached XP level 1. HP: 19/19 MP: 2/2
     0 | Abyss:1  | - what is this four
     3 | Abyss:1  | Found a corrupted altar of Lugonu.
   118 | Abyss:1  | Noticed a thrashing horror
   121 | D:1      | Escaped the Abyss
   387 | D:1      | Reached XP level 2. HP: 21/25 MP: 3/3
   477 | D:1      | Reached * piety under Lugonu
   514 | D:1      | Reached skill level 3 in Axes
   947 | D:2      | - aaaaand now i feel screwed
  1237 | D:2      | Found a faded altar of an unknown god.
  1250 | D:2      | Reached XP level 3. HP: 16/31 MP: 4/4
  1802 | D:2      | Found Jeuq's Book Shoppe.
  1967 | D:2      | Reached skill level 4 in Axes
  2189 | D:3      | Reached XP level 4. HP: 37/37 MP: 5/5
  2471 | D:3      | Found a transporter.
  2570 | D:3      | Reached skill level 5 in Axes
  2579 | D:3      | Found an iron altar of Okawaru.
  2676 | D:3      | Found a transporter.
  2785 | D:3      | Reached ** piety under Lugonu
  2879 | D:3      | Noticed a scorpion
  2886 | D:3      | Killed a scorpion
  2887 | D:3      | Reached XP level 5. HP: 28/43 MP: 6/6
  3693 | D:4      | Found a staircase to the Ecumenical Temple.
  3715 | D:4      | Reached skill level 6 in Axes
  4021 | D:4      | Reached XP level 6. HP: 33/50 MP: 7/7
  4021 | D:4      | - where can it be
  4026 | D:4      | Found a glowing drain.
  4031 | D:4      | - many adders
  4050 | D:4      | - looks like dying now
  4050 | D:4      | - unless pretty lucky
  4061 | D:4      | - lucky
  4119 | Sewer    | Entered a sewer
  4436 | Sewer    | Noticed Purgy
  4467 | Sewer    | HP: 2/50 [Purgy (3)]
  4474 | Sewer    | - man i got nothing
  4514 | Sewer    | - must bail... i hate it
  5054 | D:4      | Found a runed translucent door.
  5178 | D:4      | Noticed AverageBear's ghost (novice DDFi)
  5269 | D:4      | Noticed Natasha
  5276 | D:4      | Killed Natasha
  5277 | D:4      | Reached skill level 7 in Axes
  5485 | D:4      | Noticed Natasha
  5490 | D:4      | Killed Natasha
  5805 | D:5      | Entered Level 5 of the Dungeon
  5805 | D:5      | Found a large runed translucent door.
  5805 | D:5      | Found a large runed translucent door.
  5810 | D:5      | Noticed BiteMe's ghost (novice DrCj)
  6088 | D:4      | Gained mutation: You curl defensively after being hit.
                  | [Palentonga growth]
  6088 | D:4      | Reached XP level 7. HP: 43/55 MP: 6/9
  6104 | D:4      | Noticed Natasha
  6105 | D:4      | Killed Natasha
  6540 | D:4      | Reached skill level 8 in Axes
  6858 | D:5      | Reached *** piety under Lugonu
  7102 | D:5      | Reached skill level 5 in Invocations
  7445 | D:6      | Reached XP level 8. HP: 60/62 MP: 12/12
  7512 | D:6      | Reached skill level 1 in Maces & Flails
  7624 | D:6      | Identified the +6 ring mail of a bailey {Fly}
  7716 | D:6      | Noticed Dowan
  7721 | D:6      | Noticed Duvessa
  7950 | D:6      | Reached skill level 5 in Fighting
  8017 | D:6      | Noticed a six-headed hydra
  8020 | D:6      | - well thats something
  8323 | D:7      | Reached XP level 9. HP: 51/73 MP: 13/13
  8395 | D:7      | HP: 4/109 [killer bee (2)]
  8396 | D:7      | - thats that then
  8396 | D:7      | HP: 1/109 [poisoned by a killer bee]
  8397 | D:7      | Reached **** piety under Lugonu
  8397 | D:7      | Succumbed to a killer bee's poison

Illustrated notes #. # .## #. .. #. #.# #. .. ###.. .# #.$...##.# #..@# #...#....# #... .....# .... ####.... ... .#.#.# #. #### . # Turn 0 on Abyss:1: - what is this four .. ### #####....? ..##.#.# # #.#....# #..###..#.#.#### #.........>....# #..#.#..... .. #.#...# g# #.##.## .# # #.####.##<### .###. ........o@...#####.... ........##..........# ##.#########.#####.#. # #.####.# #.....## ######.# #.# ... #.# .# # Turn 947 on D:2: - aaaaand now i feel screwed #. #. # #. # #. #. .# #.##.##.### #......... #...#.##### #.†@....... # #.#.#.##### .. # #.#.#####.## # #.#(..>$[.#S #.#.........+S #.........?.#B≈≈ ####..#####.#### #..# #.... #..# #.#.. #..# #...##### #..# #..##8## Turn 4021 on D:4: - where can it be

#. #.. #. #. #.# #.
# #. #.# # #. #. #.
#.# #.##.##
#.##.##.###
#.#...## #.........
# # #$..#.).
#...#.####### .##.#
#...##
#.†.........##.....
##'##
#.#.#.#####........
##.## #
#.#.#####.#######
#8.8# #
#.#(..>$[@#BSS≈≈#
##.##
#.#.........+BS∩≈≈#
##.##
#.........?.#B≈≈≈≈#
#8.8#
####..#####.#######
##.## #..#
#........ ##.##
#..# #.#...###
#8.8# #..#
#...##### ####.###
#..#
###..##8###8##.##8
#..#
###<.'............
###..#
#...###8###8##.##8
#....#
#.############.###


Turn 4031 on D:4: - many adders #. #. #.. #. #. #.# #. # #. #.# # #. #. #. #.#
#.##. #.##.##.### #.#.. #......... # # #$..# #...#.####### .##.# #..
#.†...○○@SB†##..... ##' #.#.#.#####........ ##. # #.#.#####.####### #8. #
#.#(..>$[.#≈≈≈≈≈# ##. #.#.........'≈≈∩≈≈# ##. #.........?.#≈≈≈≈≈# #8.
####..#####.####### ##. #..# #........ ##. #..# #.#...### #8. #..# #...#####
####. #..# ###..##8###8##. Turn 4050 on D:4: - looks like dying now #. #. #.. #.
#. #.# #. # #. #.# # #. #. #. #.# #.##. #.##.##.### #.#.. #......... # # #$..#
#...#.####### .##.# #.. #.†.....@†.†##..... ##' #.#.#.#####........ ##. #
#.#.#####.####### #8. # #.#(..>$[.#≈≈≈≈≈# ##. #.#.........'≈≈∩≈≈# ##.
#.........?.#≈≈≈≈≈# #8. ####..#####.####### ##. #..# #........ ##. #..#
#.#...### #8. #..# #...##### ####. #..# ###..##8###8##. Turn 4061 on D:4: -
lucky ##§.# #. #..# #.≈ #≈§# #.≈# ##(≈# #..≈ #≈..# #≈≈###≈≈## #...#≈≈.# #≈.≈..##
#.....# ##.≈≈## #.@.# ##≈## #.# ####(#### #####..≈≈≈..#### #≈≈≈≈≈≈)T≈≈≈≈≈≈#
#####..)....#### #######.†#..### #...#....#....# #........#.§∩.# #####....#....#
Turn 4474 on Sewer: - man i got nothing ##≈≈###≈≈## #...#≈≈.# ##≈.≈..## #.....#
##.T≈## #...# ##≈## #.# ####(#### #####..≈≈≈..#### #≈≈≈≈≈≈)@≈≈≈≈≈≈#
#####..)....#### #######.†#..### #...#....#....# #........#.∩∩.# #####....#....#
########### Turn 4514 on Sewer: - must bail... i hate it #######.# ######.#
#......#### .#.###.....######### .....#.............. #.#.#.....#.######.
#........##.# ###.#....##D# #......##.# ####.####)# #.# #@# ##.####.# #..o.)).#
#....)#### #...)... #....).... '.........' ##.........## ##.......## ##.....##
Turn 8020 on D:6: - well thats something #.####.#.# #.#......# ########.......##
...........##### .#####..##.# #......###### #.#....o.§oo# #..#....####†#
#.##....# #..# .. #oy..# #.## #.# #♣y..# .o #. #....#... .. #....s..o #####.oo.
#.o.. .. . Turn 8396 on D:7: - thats that then

Levels and vault maps discovered:
D:1:      lemuel_arrival_room, layout_rooms, minmay_stone_trees_small
D:2:      layout_loops_ring, serial_shops, shop,
          shapermc_ecumenical_altar_notcrosses, chequers_decorated_corner
D:3:      gammafunk_wand_slinger, layout_basic, okawaru_altar_gauntlet_db
D:4:      layout_loops_ring, minmay_temple_entry_sparse_star, serial_aquarium,
          aquarium_bridge_square [aquarium_subvault_balcony,
          aquarium_subvault_wall, aquarium_subvault_bridge,
          aquarium_subvault_window], aquarium_window_2, aquarium_window_1,
          aquarium_window_1, aquarium_view_2d, aquarium_view_2b,
          aquarium_pool_corner, gup_sewer_entry_glass, ebering_ghost_sewer_d,
          dk_noncrumbling_2, uniq_natasha
D:5:      layout_rooms, ebering_ghost_disaster_area, serial_aquarium,
          aquarium_bridge_island_small [aquarium_subvault_small_open,
          aquarium_subvault_wall, aquarium_subvault_bridge,
          aquarium_subvault_bridge, aquarium_subvault_window],
          aquarium_window_fake, aquarium_window_fake, aquarium_window_1,
          aquarium_window_fake, aquarium_view_2a, aquarium_view_2c, minmay_bent
D:6:      layout_loops_corners, uniq_duvessa
D:7:      layout_rooms

Skill      XL: |  1  2  3  4  5  6  7  8 |
---------------+-------------------------+-----
Axes           | 3 4 5 6 7 8 |  8.7
Invocations    | 5 6 |  6.1
Maces & Flails | 2 |  2.8
Fighting       | 6 |  6.2
Armour         | |  1.5
Dodging        | |  0.7

Action                   |  1- 3 |  4- 6 |  7- 9 || total
-------------------------+-------+-------+-------++-------
Melee: Hand axe          |   101 |   205 |   291 ||   597
       Tailslap          |     9 |    15 |    29 ||    53
       Whip              |       |       |     2 ||     2
Throw: Stone             |    12 |    25 |    19 ||    56
       Dart              |       |    13 |     1 ||    14
Invok: Depart the Abyss  |     1 |       |       ||     1
       Bend Space        |       |     4 |     6 ||    10
 Abil: Rolling Charge    |    23 |    37 |    30 ||    90
Evoke: Wand              |       |       |     2 ||     2
  Use: Scroll            |       |     3 |     8 ||    11
       Potion            |       |     2 |     2 ||     4
Armor: Leather armour    |    35 |    68 |    40 ||   143
       Ring mail         |       |       |   110 ||   110
       Skin              |       |       |     8 ||     8
Dodge: Dodged            |    43 |    88 |   124 ||   255
